Map: Catalyst LE

Players

Zanster - Winner!

  • Race: Zerg Zerg
  • Spawn Location: 11:00

SKillous (Elroye)

  • Race: Zerg Zerg
  • Spawn Location: 5:00

Event: WCS Valencia 2018

VOD

Have the link to the VOD?

Description

Time

  • Played on: July 12, 2018, 9:31 a.m.
  • Length: 11:49

All games in this series

Show
View Real Time Build Order
Export as new Build Order

Zanster Zerg - Winner!

Build Orders: 1 Base Baneling Bust, Pool First 

Get SALT Encoding   

  12  0:11  Extractor  
  11  0:19  Spawning Pool  
  10  0:24  Drone  
  11  0:30  Drone  
  13  0:35  Drone  
  13  0:49  Overlord  
  13  1:07  Zergling x4  
  13  1:08  Zergling x2  
  16  1:13  Metabolic Boost  
  16  1:19  Zergling x2  
  17  1:29  Zergling x2  
  18  1:36  Baneling Nest  
  17  1:40  Zergling x2  
  18  1:55  Zergling x2  
  19  2:03  Zergling x2  
  19  2:05  Queen  
  22  2:15  Overlord  
  22  2:25  Overlord  
  22  2:29  Baneling  
  22  2:31  Baneling  
  22  2:40  Zergling x2  
  23  2:45  Zergling x2  
  24  2:52  Baneling  
  24  2:53  Baneling x2  
  24  2:55  Zergling x2  
  24  2:57  Baneling  
  25  3:06  Zergling x2  
  26  3:22  Zergling x4  
  26  3:23  Zergling x2  
  26  3:41  Drone x2  
  27  3:48  Drone  
  27  3:49  Drone x2  
  29  4:08  Hatchery  
  28  4:11  Drone  
  28  4:15  Drone  
  30  4:23  Drone x2  
  32  4:25  Drone  
  33  4:33  Drone  
  33  4:34  Drone  
  35  4:53  Hatchery, Drone  
  35  4:58  Drone  
  36  5:03  Overlord  
  36  5:05  Drone  
  36  5:23  Drone  
  36  5:26  Drone x3  
  36  5:27  Drone x2  
  42  5:30  Queen  
  44  5:35  Overlord  
  44  5:38  Drone  
  44  5:42  Drone  
  46  5:45  Queen  
  46  5:49  Drone  
  49  5:52  Drone  
  50  5:57  Drone  
  50  6:02  Drone  
  50  6:03  Drone x2  
  54  6:09  Overlord  
  52  6:13  Drone x2  
  54  6:20  Extractor  
  54  6:21  Drone  
  54  6:22  Extractor, Drone x2  
  54  6:24  Lair  
  54  6:25  Evolution Chamber  
  54  6:26  Drone  
  54  6:28  Drone, Roach Warren  
  54  6:29  Drone  
  54  6:32  Drone  
  57  6:33  Drone  
  57  6:36  Overlord  
  57  6:37  Drone  
  58  6:44  Drone x2  
  60  6:48  Drone  
  60  6:49  Drone  
  60  6:50  Drone  
  63  6:54  Extractor  
  63  6:55  Drone x3  
  63  6:57  Drone x3  
  63  6:58  Overlord  
  68  7:03  Overlord  
  68  7:04  Drone  
  68  7:08  Zerg Missile Weapons Level 1  
  69  7:09  Drone  
  69  7:13  Drone  
  69  7:14  Drone x2  
  69  7:15  Drone  
  73  7:16  Drone  
  73  7:23  Glial Reconstitution  
  73  7:25  Overlord  
  73  7:27  Drone  
  73  7:28  Drone x3  
  77  7:30  Extractor  
  77  7:31  Extractor  
  77  7:34  Drone  
  76  7:37  Drone  
  76  7:39  Overlord  
  76  7:42  Roach x4  
  85  7:48  Hatchery  
  85  7:50  Roach x2  
  88  7:56  Roach  
  88  7:57  Roach x4  
  89  8:07  Drone x7  
  89  8:09  Drone  
  97  8:14  Overlord  
  97  8:18  Roach  
  96  8:20  Roach  
  98  8:31  Drone, Roach  
  98  8:32  Spire, Roach x4  
  98  8:33  Roach  
  110  8:35  Roach  
  110  8:36  Overseer  
  110  8:39  Roach  
  114  8:42  Overlord  
  114  8:45  Roach  
  114  8:47  Roach  
  118  8:51  Roach  
  118  8:52  Roach  
  118  8:54  Overlord  
  122  8:56  Overlord  
  122  9:00  Roach  
  122  9:01  Roach x4  
  122  9:02  Ravager x2  
  134  9:03  Ravager  
  134  9:06  Overlord  
  135  9:16  Roach x7  
  149  9:20  Overlord  
  149  9:22  Roach  
  149  9:23  Overlord  
  151  9:24  Overlord  
  151  9:35  Overlord  
  151  9:45  Mutalisk x8  
  151  9:47  Mutalisk  
  169  9:54  Roach x3  
  173  10:02  Roach x5  
  173  10:05  Overlord  
  175  10:21  Roach x5  
  175  10:22  Roach  
  165  10:33  Roach  
  165  10:34  Roach x10  
  148  10:44  Drone x7  
  144  10:57  Drone x4  
  144  11:00  Drone  
  144  11:03  Drone  
  144  11:04  Drone  
  144  11:06  Hydralisk Den  
  144  11:09  Overlord  
  139  11:17  Roach  
  139  11:18  Roach x7  
Show
View Real Time Build Order
Export as new Build Order

SKillous Zerg 

Build Orders: Pool First 

Get SALT Encoding   

  12  0:17  Spawning Pool  
  11  0:22  Drone  
  11  0:26  Drone  
  13  0:32  Drone  
  14  0:40  Overlord  
  14  1:03  Zergling x4  
  16  1:05  Zergling x2, Queen  
  19  1:16  Zergling x2  
  20  1:26  Zergling x2  
  21  1:35  Hatchery  
  21  1:38  Zergling x2  
  21  1:51  Overlord  
  21  2:01  Extractor, Queen  
  23  2:13  Drone x2  
  26  2:15  Drone  
  26  2:16  Drone  
  26  2:20  Drone  
  28  2:33  Extractor  
  28  2:37  Queen  
  29  2:46  Queen  
  31  2:52  Spine Crawler  
  30  3:03  Spine Crawler  
  29  3:14  Zergling x6  
  29  3:17  Drone  
  29  3:18  Drone  
  31  3:49  Hatchery  
  31  3:51  Metabolic Boost  
  30  4:00  Overlord  
  30  4:08  Extractor  
  30  4:10  Baneling Nest  
  30  4:11  Drone  
  30  4:21  Drone x2  
  32  4:29  Drone  
  33  4:35  Drone x2  
  35  4:43  Overlord  
  36  4:45  Drone  
  36  4:49  Drone  
  37  5:04  Drone x3  
  37  5:05  Drone x2  
  42  5:25  Drone  
  42  5:27  Zergling x4  
  45  5:33  Drone  
  45  5:34  Drone  
  47  5:37  Hatchery  
  47  5:39  Baneling x2  
  47  5:41  Drone  
  47  5:42  Drone  
  48  5:45  Drone  
  48  5:46  Drone  
  48  5:49  Drone x2  
  50  6:18  Baneling  
  50  6:19  Baneling x2  
  50  6:24  Drone  
  50  6:25  Overlord  
  51  6:27  Overlord  
  51  6:28  Lair  
  51  6:30  Extractor  
  51  6:31  Extractor  
  49  6:34  Drone, Roach Warren  
  49  6:35  Drone x3, Evolution Chamber  
  51  6:48  Drone x2  
  51  6:49  Drone x2  
  51  6:53  Drone x2  
  57  6:57  Drone  
  57  7:00  Zerg Missile Weapons Level 1  
  57  7:01  Drone x3  
  61  7:04  Drone x2  
  63  7:11  Drone x2  
  63  7:12  Drone x2  
  67  7:20  Drone x3  
  67  7:22  Drone x2  
  71  7:27  Baneling x2  
  71  7:29  Baneling x2  
  71  7:33  Extractor  
  71  7:34  Glial Reconstitution  
  70  7:38  Roach  
  70  7:39  Overlord x2  
  70  7:40  Overlord x2  
  70  7:43  Overlord  
  72  7:52  Overlord  
  70  7:59  Hatchery, Roach x5  
  70  8:01  Drone x2  
  70  8:02  Drone x2  
  70  8:03  Drone  
  70  8:04  Extractor  
  70  8:05  Overlord  
  83  8:14  Roach x2  
  83  8:15  Roach  
  88  8:20  Roach x2  
  88  8:21  Roach x2  
  96  8:28  Roach x3  
  96  8:30  Ravager x2  
  96  8:33  Roach x3  
  96  8:34  Roach  
  112  8:40  Roach x3  
  118  8:51  Roach x4  
  118  8:52  Roach  
  128  8:56  Overlord  
  128  8:59  Unknown  
  128  9:06  Overlord x2  
  128  9:07  Overlord  
  128  9:09  Ravager  
  128  9:22  Roach  
  128  9:23  Roach x7  
  142  9:26  Overlord  
  142  9:35  Ravager  
  145  9:38  Roach x7  
  145  9:39  Roach x3  
  145  9:44  Roach x4  
  173  9:45  Roach  
  173  9:47  Ravager x3  
  173  9:49  Overlord  
  166  10:03  Roach x5  
  166  10:06  Overlord x2  
  176  10:18  Roach  
  176  10:19  Roach x6  
  181  10:25  Hydralisk Den  
  181  10:26  Extractor  
  151  10:29  Roach x5  
  134  10:41  Roach x6  
  82  11:02  Hydralisk x2  
  82  11:03  Hydralisk x3  
  89  11:09  Hydralisk x2  
  93  11:21  Hydralisk x2  
  93  11:24  Hydralisk  
  99  11:29  Drone x3  
  99  11:31  Drone x3  
  106  11:32  Drone  
  106  11:33  Drone x2  
  106  11:34  Drone  
Tags
 
Add a new tag
Caveats
  • Supply blocks, unpowered buildings, or Contaminate may cause inaccurate times.
  • Supply counts are checked every 10 seconds.